 Dungeon Crawl Stone Soup version 0.29.1-1-gd02db6906a (webtiles) character file.

Game seed: 7867202765108508778

22 brightshaft the Trooper (level 2, -5/36 HPs)
             Began as a Demonspawn Berserker on Sept 23, 2022.
             Was a Follower of Trog.
             Slain by Sigmund
             ... wielding a +0 scythe
              (6 damage)
             ... on level 2 of the Dungeon.
             The game lasted 00:02:00 (1340 turns).

brightshaft the Trooper (Demonspawn Berserker)      Turns: 1340, Time: 00:02:01

Health: -5/36      AC:  6    Str: 17    XL:     2   Next: 68%
Magic:  2/2        EV: 11    Int:  8    God:    Trog [*.....]
Gold:   84         SH:  0    Dex: 12    Spells: 1/1 levels left

rFire   . . .      SeeInvis .   a - +0 mace
rCold   . . .      Faith    .   (no shield)
rNeg    . . .      Spirit   .   j - +0 ring mail
rPois   +          Reflect  .   (no helmet)
rElec   .          Harm     .   c - +0 cloak
rCorr   .          Rampage  .   (no gloves)
Will    .....                   (no boots)
Stlth   ..........              (no amulet)
HPRegen 0.12/turn               e - ring of poison resistance
MPRegen 0.08/turn               (no ring)

@: berserking, very quick
A: powered by pain 1
a: Renounce Religion, Berserk


You were on level 2 of the Dungeon.
You worshipped Trog.
Trog was aware of your devotion.
You visited 1 branch of the dungeon, and saw 2 of its levels.

You collected 84 gold pieces.

Inventory:

Hand Weapons
 a - a +0 mace (weapon)
Missiles
 k - 3 poisoned darts (quivered)
Armour
 b - a +0 animal skin
 c - a +0 cloak (worn)
 j - a +0 ring mail (worn)
Jewellery
 e - a ring of poison resistance (left hand)
Scrolls
 d - 4 scrolls of identify {unknown}
 f - a scroll of poison {unknown}
 g - a scroll of teleportation {unknown}
 h - a scroll of blinking {unknown}
 i - a scroll of immolation {unknown}
 l - a scroll of enchant armour {unknown}


   Skills:
 + Level 3.2 Fighting
 * Level 3.1 Maces & Flails
 + Level 2.0 Armour
 + Level 2.0 Dodging


You had one spell level left.
You didn't know any spells.
Your spell library was empty.

Dungeon Overview and Level Annotations

Branches:
Dungeon (2/15)

Altars:

Annotations:
D:2 Sigmund


Innate Abilities, Weirdness & Mutations

You sometimes gain a little power by taking damage.


Message History

You now have 59 gold pieces (gained 7).
Found a stone staircase leading up.
You now have 70 gold pieces (gained 11).
l - a scroll labelled JEPLUD BUODUDI You now have 78 gold pieces (gained 8).
You now have 84 gold pieces (gained 6).
Sigmund the Dreaded comes into view.
He is wielding a +0 scythe and wearing a +2 robe of fire resistance.
Sigmund shouts!
Sigmund casts a spell at you. The magic dart hits you.
Okay, then.
Sigmund casts a spell at you. The magic dart hits you.
Sigmund points at you and mumbles some strange words.
The magic dart hits you.
A quokka comes into view.
Sigmund looks at you with fury.
A red film seems to cover your vision as you go berserk!
You feel yourself moving faster!
You feel mighty!
Sigmund points at you and mumbles some strange words.
The puff of flame hits you!
* * * LOW HITPOINT WARNING * * *
Found a crooked glowing staff.
You feel a strong urge to attack something.
You barely miss Sigmund.
Sigmund points at you and mumbles some strange words.
The magic dart hits you.
* * * LOW HITPOINT WARNING * * *
You sock Sigmund!
Sigmund is heavily wounded.
Sigmund looks at you with fury. Sigmund hits you with a +0 scythe.
* * * LOW HITPOINT WARNING * * *
You hit Sigmund.
Sigmund is heavily wounded.
The quokka barely misses you. The quokka bites you.
* * * LOW HITPOINT WARNING * * *
Sigmund looks at you with fury. Sigmund hits you with a +0 scythe.
You die...

## ... #... ..... ##
####.... .|.
####...........
##.....# ...##
###......###......
###.....##..@@....#
#..........##r....#
####.............#####
#.....############
#.....# #.....####..
#...........
#....<####.. ###.#.##


You could see Sigmund and a quokka.

Vanquished Creatures
  3 endoplasms (D:1)
  A giant cockroach (D:1)
  A goblin (D:1)
  3 hobgoblins
  2 jackals (D:1)
  A kobold (D:1)
  2 ball pythons (D:1)
  A bat (D:2)
  2 frilled lizards (D:1)
  4 rats (D:1)
20 creatures vanquished.

Notes
Turn   | Place    | Note
-------+----------+-------------------------------------------
     0 | D:1      | brightshaft the Demonspawn Berserker began the quest for
                  | the Orb.
     0 | D:1      | Reached XP level 1. HP: 18/18 MP: 1/1
   209 | D:1      | Gained mutation: You sometimes gain a little power by
                  | taking damage. [demonic ancestry]
   209 | D:1      | Reached XP level 2. HP: 14/24 MP: 2/2
  1331 | D:2      | Noticed Sigmund
  1340 | D:2      | HP: 1/36 [quokka (2)]
  1340 | D:2      | Slain by Sigmund

Illustrated notes

Levels and vault maps discovered:
D:1:      grunt_arrival_crossed_arrows, layout_loops_cross
D:2:      minmay_chambers_of_ones, layout_rooms, amcnicky_mini_corridor_feature,
          kennysheep_generic_room_10, uniq_sigmund, uniq_crazy_yiuf_cottage

Skill      XL: |  1  2 |
---------------+-------+-----
Maces & Flails | 3 |  3.1
Armour         | 2 |  2.0
Dodging        | 2 |  2.0
Fighting       | |  3.2

Action                   || total
-------------------------++-------
Melee: Mace              ||    79
       Punch             ||     1
Invok: Berserk           ||     1
Armor: Animal skin       ||    15
       Ring mail         ||     8
Dodge: Dodged            ||    62
